[ AOE2 MATCH · #482610950 ]
UnrankedMalay vs Teutons
[ REPLAY ANALYSIS · EXTRACTED FROM THE RECORDED GAME ]
Feudal
10:28
Castle
14:44
Imperial
45:07
| APM avg | 39.0 |
| APM peak | 93 |
| eAPM avg | 29.7 |
| Villagers / military | 262 / 1012 |
Focus
⚔️ 46.0% · 🌾 54.0%
Militia ×621 · Archer ×250 · Skirmisher ×60 · Trade Cart ×41 · Battle Elephant ×41 · Bombard Cannon ×19
Feudal
10:55
Castle
14:26
Imperial
27:51
| APM avg | 55.9 |
| APM peak | 111 |
| eAPM avg | 38.1 |
| Villagers / military | 209 / 1077 |
Focus
⚔️ 55.5% · 🌾 44.5%
Spearman ×368 · Teutonic Knight ×339 · Knight ×264 · Trade Cart ×113 · Scout Cavalry ×71 · Mangonel ×20
Feudal
12:11
Castle
15:50
Imperial
27:19
| APM avg | 50.7 |
| APM peak | 75 |
| eAPM avg | 33.7 |
| Villagers / military | 241 / 1751 |
Focus
⚔️ 52.1% · 🌾 47.9%
Spearman ×1173 · Militia ×354 · Longbowman ×219 · Trade Cart ×97 · Trebuchet (Packed) ×4 · Mangonel ×1
Feudal
8:51
Castle
25:54
Imperial
33:56
| APM avg | 41.3 |
| APM peak | 69 |
| eAPM avg | 25.8 |
| Villagers / military | 303 / 557 |
Focus
⚔️ 38.5% · 🌾 61.5%
Scout Cavalry ×261 · Trade Cart ×139 · Knight ×129 · Kipchak ×95 · Mangonel ×64 · Battering Ram ×4
Feudal
10:58
Castle
14:32
Imperial
29:17
| APM avg | 72.7 |
| APM peak | 180 |
| eAPM avg | 43.2 |
| Villagers / military | 413 / 549 |
Focus
⚔️ 50.8% · 🌾 49.2%
Conquistador ×250 · Knight ×153 · Battering Ram ×84 · Trade Cart ×53 · Scout Cavalry ×41 · Bombard Cannon ×19
Feudal
10:58
Castle
13:38
Imperial
29:51
| APM avg | 56.3 |
| APM peak | 107 |
| eAPM avg | 28.5 |
| Villagers / military | 238 / 1042 |
Focus
⚔️ 44.4% · 🌾 55.6%
Scout Cavalry ×715 · Trade Cart ×163 · Ballista Elephant ×152 · Scorpion ×118 · Battering Ram ×27 · Knight ×25
Feudal
10:31
Castle
14:03
Imperial
27:12
| APM avg | 40.8 |
| APM peak | 68 |
| eAPM avg | 28.7 |
| Villagers / military | 242 / 1027 |
Focus
⚔️ 55.7% · 🌾 44.3%
Spearman ×419 · Hussite Wagon ×344 · Skirmisher ×206 · Trade Cart ×97 · Hand Cannoneer ×25 · Bombard Cannon ×24
Feudal
10:55
Castle
14:52
Imperial
31:38
| APM avg | 54.1 |
| APM peak | 95 |
| eAPM avg | 31.0 |
| Villagers / military | 157 / 1299 |
Focus
⚔️ 57.7% · 🌾 42.3%
Spearman ×989 · Mangonel ×94 · Scorpion ×87 · Woad Raider ×79 · Trade Cart ×56 · Battering Ram ×30
Match map
Initial resources + every placement click. Lines = walls · curves = elevation contours. ◆ gold · ⬟ stone · ● berries · ✦ relic · ◌ wall gap
Your base· ✓ Closed at 14:44 · 35t walls · 3 gate(s)
Dragon's base· ✓ Closed at 14:26 · 0t walls · 3 gate(s)
[R1] Pume's base· ✓ Closed at 15:50 · 0t walls · 3 gate(s)
GKT_Cloud's base· ✓ Closed at 25:54 · 7t walls · 3 gate(s)
Oni.TaToH's base· ✓ Closed at 14:32 · 0t walls · 2 gate(s)
04py's base· ✓ Closed at 13:38 · 0t walls · 2 gate(s)
kw's base· ✓ Closed at 14:03 · 0t walls · 2 gate(s)
Moneimon's base· ✓ Closed at 14:52 · 0t walls · 3 gate(s)
Smoothed initial terrain · ◌ = detected wall gap · hover for details
Inputs per minute
— Poxo - - Dragon
Build order — Poxo
First 150 of 823 actions detected
| 0:00 | Create | Villager (Male) |
| 0:00 | Create | Villager (Male) |
| 0:01 | Build | House |
| 0:02 | Build | House |
| 0:11 | Create | Villager (Male) |
| 0:11 | Create | Villager (Male) |
| 1:32 | Create | Villager (Male) |
| 1:49 | Create | Villager (Male) |
| 2:13 | Build | Lumber Camp |
| 2:19 | Create | Villager (Male) |
| 2:52 | Create | Villager (Male) |
| 2:58 | Create | Villager (Male) |
| 2:59 | Create | Villager (Male) |
| 3:13 | Create | Villager (Male) |
| 3:32 | Create | Villager (Male) |
| 3:49 | Build | House |
| 3:49 | Build | House |
| 3:56 | Create | Villager (Male) |
| 3:59 | Create | Villager (Male) |
| 4:01 | Build | House |
| 4:16 | Create | Villager (Male) |
| 5:08 | Build | Mill |
| 5:20 | Create | Villager (Male) |
| 5:35 | Create | Villager (Male) |
| 5:35 | Create | Villager (Male) |
| 6:44 | Create | Villager (Male) |
| 6:44 | Create | Villager (Male) |
| 6:47 | Build | Farm |
| 7:25 | Build | Farm |
| 7:53 | Create | Villager (Male) |
| 8:06 | Create | Villager (Male) |
| 8:30 | Build | Mining Camp |
| 8:32 | Create | Villager (Male) |
| 8:40 | Research | Feudal Age |
| 9:18 | Create | Villager (Male) |
| 9:18 | Create | Villager (Male) |
| 10:28 | Age | Feudal Age |
| 10:29 | Build | Market |
| 10:32 | Build | Blacksmith |
| 10:39 | Build | Stone Wall |
| 10:56 | Build | Stone Wall |
| 10:59 | Build | Stone Wall |
| 11:16 | Build | Stone Wall |
| 11:25 | Research | Loom |
| 11:35 | Build | Gate |
| 11:37 | Build | Gate |
| 11:44 | Build | Gate |
| 12:31 | Build | Stone Wall |
| 12:41 | Build | Stone Wall |
| 12:43 | Create | Villager (Male) |
| 12:47 | Build | Stone Wall |
| 12:48 | Build | Stone Wall |
| 13:00 | Research | Castle Age |
| 13:00 | Research | Castle Age |
| 13:07 | Build | Stone Wall |
| 14:01 | Build | Palisade Wall |
| 14:10 | Build | Palisade Wall |
| 14:35 | Build | Lumber Camp |
| 14:44 | Age | Castle Age |
| 14:46 | Build | Siege Workshop |
| 14:51 | Build | Palisade Wall |
| 14:52 | Build | Palisade Wall |
| 14:54 | Build | Palisade Wall |
| 17:37 | Build | Town Center |
| 18:30 | Create | Villager (Male) |
| 18:30 | Create | Villager (Male) |
| 18:32 | Build | Farm |
| 18:33 | Build | Farm |
| 18:39 | Create | Villager (Male) |
| 18:59 | Build | Farm |
| 19:22 | Build | Farm |
| 19:35 | Create | Villager (Male) |
| 19:37 | Build | Farm |
| 20:08 | Build | House |
| 20:09 | Build | House |
| 20:10 | Build | House |
| 20:15 | Build | Farm |
| 20:17 | Build | Farm |
| 20:28 | Create | Villager (Male) |
| 20:28 | Create | Villager (Male) |
| 20:48 | Build | Farm |
| 21:00 | Create | Villager (Male) |
| 21:01 | Create | Villager (Male) |
| 21:14 | Create | Villager (Male) |
| 21:21 | Build | Farm |
| 21:22 | Build | Farm |
| 21:42 | Create | Villager (Male) |
| 22:02 | Build | House |
| 22:02 | Build | House |
| 22:03 | Build | House |
| 22:05 | Create | Villager (Male) |
| 22:26 | Create | Villager (Male) |
| 22:49 | Create | Villager (Male) |
| 23:01 | Research | Double-Bit Axe |
| 23:03 | Create | Villager (Male) |
| 23:29 | Create | Villager (Male) |
| 23:40 | Build | Town Center |
| 23:41 | Create | Villager (Male) |
| 23:56 | Create | Villager (Male) |
| 24:06 | Build | Farm |
| 24:25 | Create | Villager (Male) |
| 24:29 | Build | Farm |
| 24:30 | Create | Villager (Male) |
| 24:53 | Create | Villager (Male) |
| 24:58 | Create | Villager (Male) |
| 25:00 | Create | Villager (Male) |
| 25:12 | Create | Villager (Male) |
| 25:14 | Build | Farm |
| 25:15 | Build | Farm |
| 25:18 | Create | Villager (Male) |
| 25:40 | Create | Villager (Male) |
| 25:41 | Create | Villager (Male) |
| 25:47 | Build | Market |
| 25:59 | Create | Villager (Male) |
| 26:18 | Create | Villager (Male) |
| 26:20 | Build | Farm |
| 26:22 | Build | Farm |
| 26:28 | Build | Farm |
| 26:33 | Build | Farm |
| 26:33 | Create | Villager (Male) |
| 26:38 | Create | Villager (Male) |
| 26:44 | Build | House |
| 26:45 | Build | House |
| 26:46 | Build | House |
| 26:46 | Build | House |
| 26:50 | Create | Villager (Male) |
| 27:09 | Create | Villager (Male) |
| 27:17 | Create | Villager (Male) |
| 27:34 | Build | Farm |
| 27:36 | Create | Villager (Male) ×3 |
| 27:58 | Create | Villager (Male) |
| 27:58 | Create | Villager (Male) |
| 28:00 | Build | Farm |
| 28:01 | Build | Farm |
| 28:04 | Research | Horse Collar |
| 28:12 | Build | Farm |
| 28:19 | Create | Villager (Male) |
| 28:31 | Create | Villager (Male) |
| 28:52 | Create | Villager (Male) ×2 |
| 28:56 | Build | Town Center |
| 28:58 | Create | Villager (Male) |
| 29:06 | Research | Wheelbarrow |
| 29:07 | Research | Wheelbarrow |
| 29:11 | Build | Farm |
| 29:35 | Create | Villager (Male) ×2 |
| 29:44 | Create | Villager (Male) |
| 29:46 | Build | Farm |
| 29:48 | Build | Lumber Camp |
| 29:49 | Create | Villager (Male) |
| 30:06 | Create | Villager (Male) |
Build order — Dragon
First 150 of 1652 actions detected
| 0:00 | Create | Villager (Male) |
| 0:00 | Create | Villager (Male) |
| 0:01 | Create | Villager (Male) |
| 0:02 | Build | House |
| 0:03 | Build | House |
| 0:12 | Create | Villager (Male) |
| 1:25 | Create | Villager (Male) |
| 1:25 | Create | Villager (Male) |
| 2:01 | Create | Villager (Male) |
| 2:01 | Create | Villager (Male) |
| 2:01 | Create | Villager (Male) |
| 2:16 | Build | Lumber Camp |
| 2:26 | Create | Villager (Male) |
| 3:02 | Create | Villager (Male) |
| 3:02 | Create | Villager (Male) |
| 3:38 | Create | Villager (Male) |
| 3:38 | Create | Villager (Male) |
| 3:45 | Build | House |
| 4:06 | Create | Villager (Male) |
| 4:20 | Build | Mill |
| 4:52 | Create | Villager (Male) |
| 5:11 | Create | Villager (Male) |
| 5:13 | Create | Villager (Male) |
| 5:36 | Create | Villager (Male) |
| 5:40 | Create | Villager (Male) |
| 6:00 | Build | House |
| 6:08 | Create | Villager (Male) |
| 6:10 | Create | Villager (Male) |
| 6:12 | Build | House |
| 6:12 | Build | House |
| 6:33 | Build | Farm |
| 6:38 | Build | Farm |
| 6:58 | Build | Farm |
| 6:59 | Create | Villager (Male) |
| 7:56 | Build | Farm |
| 8:09 | Create | Villager (Male) |
| 8:28 | Build | Mining Camp |
| 8:45 | Research | Feudal Age |
| 8:45 | Research | Feudal Age |
| 9:19 | Create | Villager (Male) |
| 9:19 | Create | Villager (Male) |
| 10:55 | Age | Feudal Age |
| 11:01 | Build | Market |
| 11:02 | Build | Blacksmith |
| 11:21 | Research | Double-Bit Axe |
| 11:46 | Research | Castle Age |
| 12:35 | Research | Horse Collar |
| 13:03 | Create | Villager (Male) |
| 13:12 | Build | Farm |
| 13:13 | Build | Farm |
| 13:45 | Build | Farm |
| 13:46 | Build | Farm |
| 14:26 | Age | Castle Age |
| 14:29 | Build | Town Center |
| 14:32 | Build | Town Center |
| 14:33 | Research | Bow Saw |
| 14:34 | Create | Villager (Male) |
| 15:01 | Create | Villager (Male) |
| 15:07 | Build | House |
| 15:21 | Build | Farm |
| 15:27 | Build | Farm |
| 15:28 | Build | Farm |
| 15:31 | Build | Farm |
| 15:32 | Build | Farm |
| 15:34 | Create | Villager (Male) |
| 15:36 | Research | Heavy Plow |
| 15:44 | Create | Villager (Male) |
| 15:44 | Create | Villager (Male) |
| 15:47 | Create | Villager (Male) |
| 15:51 | Build | Farm |
| 15:56 | Create | Villager (Male) |
| 15:57 | Create | Villager (Male) |
| 16:02 | Build | Farm |
| 16:03 | Build | Farm |
| 16:04 | Build | Farm |
| 16:06 | Build | Farm |
| 16:14 | Create | Villager (Male) |
| 16:17 | Create | Villager (Male) |
| 16:26 | Build | House |
| 16:27 | Build | House |
| 16:30 | Create | Villager (Male) |
| 16:30 | Create | Villager (Male) |
| 16:43 | Create | Villager (Male) |
| 16:44 | Create | Villager (Male) |
| 16:44 | Create | Villager (Male) |
| 16:52 | Build | Farm |
| 16:52 | Create | Villager (Male) |
| 16:53 | Create | Villager (Male) |
| 16:57 | Create | Villager (Male) |
| 17:13 | Create | Villager (Male) |
| 17:21 | Create | Villager (Male) |
| 17:22 | Create | Villager (Male) |
| 17:26 | Create | Villager (Male) |
| 17:33 | Create | Villager (Male) |
| 17:34 | Create | Villager (Male) |
| 17:40 | Create | Villager (Male) |
| 17:51 | Build | Farm |
| 17:53 | Build | Farm |
| 17:54 | Create | Villager (Male) |
| 17:55 | Create | Villager (Male) |
| 18:08 | Build | Town Center |
| 18:12 | Create | Villager (Male) |
| 18:15 | Build | Farm |
| 18:19 | Create | Villager (Male) |
| 18:20 | Build | Farm |
| 18:21 | Create | Villager (Male) |
| 18:23 | Build | Farm |
| 18:30 | Build | House |
| 18:30 | Build | House |
| 18:31 | Build | House |
| 18:36 | Create | Villager (Male) |
| 18:37 | Create | Villager (Male) |
| 18:42 | Create | Villager (Male) |
| 18:57 | Create | Villager (Male) |
| 18:58 | Create | Villager (Male) |
| 19:02 | Build | Monastery |
| 19:12 | Create | Villager (Male) |
| 19:13 | Create | Villager (Male) |
| 19:14 | Build | House |
| 19:21 | Build | Farm |
| 19:24 | Build | Farm |
| 19:25 | Create | Villager (Male) |
| 19:30 | Create | Villager (Male) |
| 19:30 | Create | Villager (Male) |
| 19:30 | Create | Villager (Male) |
| 19:37 | Build | Farm |
| 19:38 | Build | Farm |
| 19:42 | Build | Farm |
| 19:43 | Build | Farm |
| 19:45 | Create | Villager (Male) |
| 19:45 | Create | Villager (Male) |
| 19:51 | Create | Monk |
| 19:54 | Research | Town Watch |
| 20:00 | Research | Wheelbarrow |
| 20:00 | Create | Villager (Male) |
| 20:01 | Create | Villager (Male) |
| 20:01 | Create | Villager (Male) |
| 20:04 | Build | Farm |
| 20:06 | Build | Farm |
| 20:07 | Build | Farm |
| 20:08 | Create | Villager (Male) |
| 20:10 | Build | Farm |
| 20:12 | Create | Villager (Male) |
| 20:14 | Create | Villager (Male) |
| 20:15 | Create | Villager (Male) |
| 20:21 | Build | House |
| 20:22 | Build | House |
| 20:23 | Build | House |
| 20:24 | Create | Villager (Male) |
| 20:24 | Create | Villager (Male) |
Build order — [R1] Pume
First 150 of 1373 actions detected
| 0:01 | Create | Villager (Male) |
| 0:01 | Create | Villager (Male) |
| 0:02 | Build | House |
| 0:02 | Create | Villager (Male) |
| 0:06 | Build | House |
| 0:10 | Create | Villager (Male) |
| 0:11 | Create | Villager (Male) |
| 1:16 | Create | Villager (Male) |
| 1:51 | Create | Villager (Male) |
| 2:00 | Create | Villager (Male) |
| 2:24 | Create | Villager (Male) |
| 2:32 | Create | Villager (Male) |
| 2:57 | Create | Villager (Male) |
| 3:11 | Create | Villager (Male) |
| 3:33 | Build | House |
| 3:34 | Build | House |
| 3:51 | Build | Lumber Camp |
| 4:33 | Create | Villager (Male) |
| 4:36 | Create | Villager (Male) |
| 4:50 | Create | Villager (Male) |
| 4:55 | Create | Villager (Male) |
| 5:06 | Create | Villager (Male) |
| 5:06 | Create | Villager (Male) |
| 5:11 | Create | Villager (Male) |
| 5:11 | Create | Villager (Male) |
| 5:22 | Create | Villager (Male) |
| 5:25 | Create | Villager (Male) |
| 5:36 | Build | House |
| 5:54 | Create | Villager (Male) |
| 6:25 | Build | Mill |
| 7:00 | Create | Villager (Male) |
| 7:02 | Create | Villager (Male) |
| 7:06 | Create | Villager (Male) |
| 7:08 | Create | Villager (Male) |
| 7:51 | Build | Mining Camp |
| 8:23 | Create | Villager (Male) |
| 8:29 | Build | Farm |
| 8:45 | Build | Farm |
| 9:16 | Build | Mining Camp |
| 9:28 | Create | Villager (Male) |
| 9:40 | Research | Feudal Age |
| 9:44 | Build | Farm |
| 9:54 | Build | Farm |
| 10:18 | Build | Farm |
| 11:08 | Build | Farm |
| 11:57 | Create | Villager (Male) |
| 12:11 | Age | Feudal Age |
| 12:25 | Build | Market |
| 12:27 | Build | Blacksmith |
| 12:33 | Create | Villager (Male) |
| 12:34 | Create | Villager (Male) |
| 12:36 | Research | Double-Bit Axe |
| 13:10 | Research | Castle Age |
| 13:24 | Research | Horse Collar |
| 13:24 | Research | Horse Collar |
| 13:26 | Build | Farm |
| 13:28 | Build | Farm |
| 14:26 | Build | House |
| 14:26 | Build | House |
| 15:09 | Create | Villager (Male) |
| 15:38 | Build | House |
| 15:50 | Age | Castle Age |
| 15:53 | Research | Bow Saw |
| 16:07 | Create | Villager (Male) |
| 16:14 | Build | Town Center |
| 16:15 | Create | Villager (Male) |
| 16:18 | Build | Town Center |
| 16:22 | Research | Wheelbarrow |
| 16:24 | Build | Farm |
| 16:30 | Build | House |
| 16:30 | Build | House |
| 16:49 | Create | Villager (Male) |
| 17:03 | Create | Villager (Male) |
| 17:20 | Create | Villager (Male) |
| 17:22 | Build | Farm |
| 17:23 | Build | Farm |
| 17:33 | Build | House |
| 17:33 | Create | Villager (Male) |
| 17:42 | Create | Villager (Male) |
| 17:42 | Create | Villager (Male) |
| 17:53 | Create | Villager (Male) |
| 17:54 | Create | Villager (Male) |
| 18:03 | Build | House |
| 18:03 | Create | Villager (Male) |
| 18:05 | Create | Villager (Male) |
| 18:12 | Create | Villager (Male) |
| 18:16 | Build | Farm |
| 18:20 | Build | Farm |
| 18:21 | Build | Farm |
| 18:23 | Build | Farm |
| 18:23 | Create | Villager (Male) |
| 18:29 | Build | Farm |
| 18:32 | Build | Farm |
| 18:34 | Build | Farm |
| 18:41 | Create | Villager (Male) |
| 18:51 | Create | Villager (Male) |
| 18:53 | Build | Farm |
| 19:01 | Create | Villager (Male) |
| 19:02 | Build | Farm |
| 19:16 | Create | Villager (Male) |
| 19:23 | Create | Villager (Male) |
| 19:34 | Build | Farm |
| 19:35 | Create | Villager (Male) |
| 19:42 | Research | Loom |
| 19:43 | Create | Villager (Male) |
| 19:47 | Build | Palisade Wall |
| 19:48 | Build | Palisade Wall |
| 19:49 | Build | Palisade Wall |
| 19:50 | Build | Palisade Wall |
| 19:55 | Create | Villager (Male) |
| 19:57 | Create | Villager (Male) |
| 20:04 | Create | Villager (Male) |
| 20:06 | Build | Farm |
| 20:13 | Build | Farm |
| 20:20 | Build | Farm |
| 20:21 | Create | Villager (Male) |
| 20:29 | Create | Villager (Male) |
| 20:32 | Create | Villager (Male) |
| 20:38 | Build | Farm |
| 20:39 | Create | Villager (Male) |
| 20:39 | Create | Villager (Male) |
| 20:41 | Build | Farm |
| 20:53 | Create | Villager (Male) |
| 21:00 | Build | Farm |
| 21:01 | Build | Farm |
| 21:02 | Build | Farm |
| 21:24 | Create | Villager (Male) |
| 21:33 | Create | Villager (Male) |
| 21:39 | Create | Villager (Male) |
| 21:45 | Build | Outpost |
| 21:46 | Research | Hand Cart |
| 21:46 | Research | Hand Cart |
| 21:47 | Create | Villager (Male) |
| 21:47 | Create | Villager (Male) |
| 21:49 | Build | Farm |
| 21:58 | Build | Farm |
| 21:58 | Create | Villager (Male) |
| 22:01 | Create | Villager (Male) |
| 22:05 | Build | Farm |
| 22:05 | Create | Villager (Male) |
| 22:10 | Create | Villager (Male) |
| 22:15 | Build | Outpost |
| 22:22 | Build | Farm |
| 22:23 | Create | Villager (Male) |
| 22:31 | Build | Palisade Wall |
| 22:33 | Build | Palisade Wall |
| 22:36 | Build | Outpost |
| 22:37 | Build | Palisade Wall |
| 22:38 | Create | Villager (Male) |
| 22:54 | Create | Villager (Male) |
Build order — GKT_Cloud
First 150 of 772 actions detected
| 0:00 | Create | Villager (Male) |
| 0:01 | Create | Villager (Male) |
| 0:01 | Create | Villager (Male) |
| 0:02 | Build | House |
| 0:03 | Build | House |
| 0:21 | Create | Villager (Male) |
| 1:17 | Create | Villager (Male) |
| 2:01 | Create | Villager (Male) |
| 2:11 | Create | Villager (Male) |
| 2:39 | Build | Lumber Camp |
| 2:42 | Create | Villager (Male) |
| 2:59 | Create | Villager (Male) |
| 3:10 | Create | Villager (Male) |
| 3:10 | Create | Villager (Male) ×2 |
| 3:46 | Create | Villager (Male) |
| 3:51 | Build | House |
| 4:54 | Create | Villager (Male) |
| 5:05 | Build | Mill |
| 5:17 | Create | Villager (Male) |
| 5:42 | Create | Villager (Male) |
| 5:42 | Create | Villager (Male) |
| 6:29 | Research | Feudal Age |
| 7:13 | Build | Mining Camp |
| 7:55 | Build | House |
| 8:23 | Build | House |
| 8:25 | Create | Villager (Male) |
| 8:37 | Research | Loom |
| 8:51 | Age | Feudal Age |
| 8:56 | Build | Blacksmith |
| 9:04 | Create | Villager (Male) |
| 9:15 | Build | House |
| 9:26 | Build | Siege Workshop |
| 9:28 | Create | Villager (Male) |
| 9:49 | Build | Watch Tower |
| 9:51 | Create | Battering Ram |
| 9:53 | Create | Villager (Male) |
| 10:07 | Create | Villager (Male) |
| 10:27 | Create | Battering Ram |
| 10:41 | Create | Villager (Male) |
| 10:47 | Build | Mining Camp |
| 11:13 | Create | Villager (Male) |
| 11:42 | Create | Villager (Male) |
| 12:36 | Create | Villager (Male) |
| 12:41 | Build | Palisade Wall |
| 12:44 | Create | Battering Ram |
| 12:51 | Create | Villager (Male) |
| 12:55 | Build | House |
| 12:56 | Build | House |
| 13:30 | Build | Watch Tower |
| 13:40 | Create | Villager (Male) |
| 13:49 | Build | Farm |
| 13:50 | Build | Farm |
| 13:51 | Create | Villager (Male) |
| 13:53 | Build | Farm |
| 14:07 | Build | Farm |
| 14:14 | Create | Villager (Male) |
| 14:32 | Build | Watch Tower |
| 14:38 | Build | Farm |
| 14:53 | Create | Villager (Male) |
| 15:21 | Create | Villager (Male) ×2 |
| 15:46 | Build | Town Center |
| 16:13 | Create | Villager (Male) ×2 |
| 16:13 | Create | Villager (Male) ×2 |
| 16:14 | Build | Farm |
| 16:32 | Build | Outpost |
| 16:38 | Build | Farm |
| 17:36 | Create | Villager (Male) ×4 |
| 17:36 | Create | Villager (Male) ×4 |
| 17:37 | Build | Farm |
| 17:38 | Build | Farm |
| 17:41 | Build | Farm |
| 17:41 | Build | Farm |
| 17:41 | Build | Farm |
| 17:42 | Build | Farm |
| 17:44 | Create | Villager (Male) |
| 17:44 | Create | Villager (Male) |
| 17:52 | Build | Farm |
| 18:01 | Research | Horse Collar |
| 18:02 | Create | Villager (Male) ×3 |
| 18:02 | Create | Villager (Male) ×3 |
| 18:09 | Research | Double-Bit Axe |
| 18:09 | Research | Double-Bit Axe |
| 18:21 | Build | Farm |
| 18:26 | Create | Villager (Male) |
| 18:27 | Create | Villager (Male) |
| 18:39 | Create | Villager (Male) |
| 18:43 | Build | House |
| 18:51 | Build | House |
| 18:53 | Build | House |
| 18:54 | Build | House |
| 19:00 | Create | Villager (Male) |
| 19:33 | Create | Villager (Male) ×3 |
| 19:37 | Build | Farm |
| 19:37 | Build | Farm |
| 19:37 | Build | Farm |
| 19:38 | Build | Farm |
| 19:46 | Create | Villager (Male) ×3 |
| 19:47 | Create | Villager (Male) ×3 |
| 19:59 | Build | Farm |
| 20:03 | Build | Farm |
| 20:05 | Build | Farm |
| 20:06 | Build | Farm |
| 20:06 | Build | Farm |
| 20:16 | Build | Outpost |
| 20:20 | Build | Outpost |
| 20:26 | Build | Palisade Wall |
| 20:27 | Build | Palisade Wall |
| 20:28 | Build | Palisade Wall |
| 20:38 | Build | Outpost |
| 20:40 | Research | Wheelbarrow |
| 20:41 | Research | Town Watch |
| 20:41 | Research | Town Watch |
| 20:42 | Create | Villager (Male) |
| 20:43 | Create | Villager (Male) |
| 21:00 | Build | Palisade Wall |
| 21:02 | Build | Palisade Wall |
| 21:04 | Build | Palisade Wall |
| 21:07 | Build | Outpost |
| 21:12 | Create | Villager (Male) ×3 |
| 21:13 | Create | Villager (Male) |
| 21:17 | Build | Farm |
| 21:18 | Build | Farm |
| 21:28 | Build | Outpost |
| 21:37 | Build | House |
| 21:38 | Build | House |
| 21:45 | Build | Farm |
| 21:49 | Build | Lumber Camp |
| 21:58 | Build | Outpost |
| 22:02 | Create | Villager (Male) |
| 22:03 | Create | Villager (Male) |
| 22:12 | Build | Outpost |
| 22:15 | Build | Farm |
| 22:18 | Create | Villager (Male) |
| 22:40 | Build | Outpost |
| 22:45 | Create | Villager (Male) |
| 22:50 | Build | Market |
| 22:51 | Build | House |
| 23:03 | Build | Outpost |
| 23:14 | Research | Castle Age |
| 23:16 | Create | Villager (Male) |
| 23:27 | Build | Outpost |
| 23:28 | Build | Outpost |
| 23:31 | Build | Outpost |
| 23:36 | Create | Villager (Male) |
| 23:42 | Research | Gold Mining |
| 23:43 | Research | Gold Mining |
| 24:01 | Build | Farm |
| 24:01 | Build | Farm |
| 24:02 | Build | Farm |
| 24:03 | Build | Farm |
Build order — Oni.TaToH
First 150 of 1288 actions detected
| 0:01 | Create | Villager (Male) ×4 |
| 0:02 | Create | Villager (Male) ×4 |
| 0:02 | Build | House |
| 0:03 | Build | House |
| 1:28 | Create | Villager (Male) |
| 1:59 | Build | Lumber Camp |
| 2:00 | Create | Villager (Male) |
| 2:09 | Create | Villager (Male) |
| 2:58 | Create | Villager (Male) |
| 3:01 | Create | Villager (Male) |
| 3:01 | Create | Villager (Male) |
| 3:31 | Create | Villager (Male) |
| 3:50 | Build | House |
| 4:06 | Create | Villager (Male) |
| 4:23 | Create | Villager (Male) |
| 4:24 | Create | Villager (Male) |
| 4:24 | Create | Villager (Male) |
| 4:41 | Build | Mill |
| 4:57 | Create | Villager (Male) |
| 5:18 | Create | Villager (Male) |
| 5:25 | Create | Villager (Male) |
| 6:11 | Build | House |
| 6:18 | Create | Villager (Male) |
| 6:36 | Create | Villager (Male) |
| 7:04 | Create | Villager (Male) |
| 7:07 | Build | Lumber Camp |
| 7:12 | Create | Villager (Male) |
| 7:12 | Create | Villager (Male) |
| 7:13 | Build | Farm |
| 7:19 | Build | Farm |
| 7:52 | Create | Villager (Male) |
| 7:58 | Build | Farm |
| 8:09 | Build | House |
| 8:09 | Build | House |
| 8:44 | Research | Feudal Age |
| 8:45 | Build | Mining Camp |
| 9:57 | Build | Farm |
| 10:56 | Create | Villager (Male) |
| 10:58 | Age | Feudal Age |
| 11:01 | Build | Market |
| 11:05 | Build | Blacksmith |
| 11:07 | Create | Villager (Male) |
| 11:52 | Research | Castle Age |
| 11:52 | Research | Castle Age |
| 13:08 | Research | Double-Bit Axe |
| 13:10 | Research | Horse Collar |
| 13:12 | Build | Farm |
| 13:13 | Build | Farm |
| 13:22 | Build | Farm |
| 13:23 | Build | Farm |
| 14:01 | Create | Villager (Male) |
| 14:32 | Age | Castle Age |
| 14:33 | Create | Villager (Male) |
| 14:36 | Build | Town Center |
| 14:40 | Build | Town Center |
| 14:41 | Research | Bow Saw |
| 14:42 | Research | Bow Saw |
| 15:02 | Create | Villager (Male) |
| 15:27 | Create | Villager (Male) |
| 15:47 | Create | Villager (Male) |
| 15:48 | Create | Villager (Male) |
| 15:50 | Build | Farm |
| 15:51 | Build | Farm |
| 15:55 | Create | Villager (Male) |
| 15:59 | Build | Farm |
| 16:00 | Create | Villager (Male) |
| 16:03 | Create | Villager (Male) |
| 16:03 | Create | Villager (Male) |
| 16:12 | Create | Villager (Male) |
| 16:16 | Build | Farm |
| 16:16 | Build | Farm |
| 16:17 | Build | Farm |
| 16:28 | Create | Villager (Male) |
| 16:28 | Create | Villager (Male) |
| 16:32 | Create | Villager (Male) |
| 16:32 | Create | Villager (Male) |
| 16:38 | Build | Farm |
| 16:40 | Build | Farm |
| 16:40 | Create | Villager (Male) |
| 16:47 | Build | Farm |
| 16:57 | Build | Farm |
| 17:02 | Create | Villager (Male) |
| 17:02 | Create | Villager (Male) |
| 17:03 | Build | House |
| 17:07 | Create | Villager (Male) |
| 17:10 | Create | Villager (Male) |
| 17:13 | Build | Farm |
| 17:18 | Build | Farm |
| 17:24 | Build | Farm |
| 17:30 | Create | Villager (Male) |
| 17:33 | Create | Villager (Male) |
| 17:36 | Build | Farm |
| 17:40 | Build | Farm |
| 17:41 | Create | Villager (Male) |
| 17:41 | Create | Villager (Male) |
| 17:49 | Build | Farm |
| 17:58 | Create | Villager (Male) |
| 18:04 | Build | House |
| 18:06 | Build | House |
| 18:07 | Create | Villager (Male) ×2 |
| 18:07 | Create | Villager (Male) ×2 |
| 18:24 | Create | Villager (Male) |
| 18:30 | Create | Villager (Male) |
| 18:34 | Build | Farm |
| 18:36 | Create | Villager (Male) |
| 18:38 | Build | Farm |
| 18:43 | Build | Town Center |
| 18:44 | Create | Villager (Male) |
| 18:57 | Create | Villager (Male) |
| 19:08 | Create | Villager (Male) |
| 19:08 | Create | Villager (Male) |
| 19:10 | Build | Farm |
| 19:10 | Build | Farm |
| 19:25 | Create | Villager (Male) |
| 19:25 | Create | Villager (Male) |
| 19:29 | Build | House |
| 19:34 | Research | Loom |
| 19:36 | Research | Wheelbarrow |
| 19:36 | Create | Villager (Male) |
| 19:37 | Create | Villager (Male) |
| 19:37 | Create | Villager (Male) |
| 19:39 | Build | House |
| 19:43 | Build | House |
| 19:44 | Build | House |
| 19:47 | Build | Farm |
| 19:48 | Build | Farm |
| 19:49 | Create | Villager (Male) |
| 19:50 | Create | Villager (Male) |
| 19:54 | Build | Farm |
| 19:55 | Build | Farm |
| 19:57 | Create | Villager (Male) |
| 19:57 | Create | Villager (Male) |
| 20:04 | Build | Farm |
| 20:04 | Create | Villager (Male) |
| 20:05 | Build | Farm |
| 20:05 | Build | Farm |
| 20:06 | Create | Villager (Male) |
| 20:09 | Build | Farm |
| 20:19 | Build | Farm |
| 20:20 | Create | Villager (Male) |
| 20:22 | Create | Villager (Male) |
| 20:27 | Create | Villager (Male) |
| 20:28 | Create | Villager (Male) |
| 20:33 | Build | Farm |
| 20:34 | Create | Villager (Male) |
| 20:38 | Create | Villager (Male) |
| 20:38 | Create | Villager (Male) |
| 20:45 | Create | Villager (Male) |
| 20:52 | Create | Villager (Male) |
| 20:56 | Build | Farm |
Build order — 04py
First 150 of 965 actions detected
| 0:00 | Create | Villager (Male) |
| 0:01 | Create | Villager (Male) |
| 0:02 | Build | House |
| 0:06 | Build | House |
| 0:11 | Create | Villager (Male) |
| 0:11 | Create | Villager (Male) |
| 1:38 | Create | Villager (Male) |
| 1:38 | Create | Villager (Male) |
| 2:04 | Create | Villager (Male) |
| 2:04 | Create | Villager (Male) |
| 2:13 | Build | Lumber Camp |
| 2:33 | Create | Villager (Male) |
| 2:33 | Create | Villager (Male) |
| 2:33 | Create | Villager (Male) |
| 3:19 | Create | Villager (Male) |
| 3:19 | Create | Villager (Male) |
| 3:20 | Create | Villager (Male) |
| 3:53 | Build | House |
| 3:54 | Build | House |
| 3:54 | Build | House |
| 4:16 | Create | Villager (Male) |
| 4:22 | Create | Villager (Male) |
| 4:22 | Create | Villager (Male) |
| 4:22 | Create | Villager (Male) |
| 4:57 | Build | Mill |
| 5:02 | Create | Villager (Male) |
| 5:02 | Create | Villager (Male) |
| 5:17 | Create | Villager (Male) |
| 5:40 | Create | Villager (Male) |
| 5:40 | Create | Villager (Male) |
| 6:14 | Build | Farm |
| 6:15 | Build | Farm |
| 6:28 | Create | Villager (Male) |
| 6:58 | Create | Villager (Male) |
| 6:59 | Create | Villager (Male) |
| 8:00 | Research | Feudal Age |
| 8:00 | Research | Feudal Age |
| 8:30 | Build | Mining Camp |
| 9:38 | Build | Farm |
| 10:58 | Age | Feudal Age |
| 10:58 | Research | Castle Age |
| 10:59 | Research | Castle Age |
| 11:00 | Research | Horse Collar |
| 11:15 | Research | Double-Bit Axe |
| 12:00 | Build | Stable |
| 12:33 | Build | Farm |
| 12:34 | Build | Farm |
| 12:35 | Build | Farm |
| 13:02 | Create | Scout Cavalry |
| 13:03 | Create | Scout Cavalry |
| 13:31 | Create | Villager (Male) |
| 13:38 | Age | Castle Age |
| 13:39 | Create | Knight |
| 13:40 | Create | Knight |
| 13:41 | Create | Villager (Male) |
| 13:52 | Build | Farm |
| 13:53 | Research | Bow Saw |
| 13:53 | Research | Bow Saw |
| 14:01 | Build | Farm |
| 14:04 | Build | Farm |
| 14:08 | Build | Farm |
| 14:11 | Build | Farm |
| 14:17 | Create | Knight |
| 14:21 | Build | House |
| 14:23 | Create | Villager (Male) |
| 14:30 | Build | House |
| 14:47 | Create | Knight |
| 15:01 | Create | Villager (Male) |
| 15:15 | Create | Knight |
| 15:17 | Create | Villager (Male) |
| 15:19 | Build | House |
| 15:45 | Create | Villager (Male) |
| 15:58 | Create | Villager (Male) |
| 15:59 | Create | Knight |
| 16:13 | Create | Villager (Male) |
| 16:14 | Build | House |
| 16:15 | Create | Villager (Male) |
| 16:49 | Build | House |
| 16:55 | Create | Villager (Male) |
| 16:57 | Build | Farm |
| 16:58 | Build | Farm |
| 17:09 | Research | Bloodlines |
| 17:09 | Research | Bloodlines |
| 17:10 | Create | Villager (Male) |
| 17:16 | Build | Farm |
| 17:30 | Create | Villager (Male) |
| 17:33 | Build | House |
| 17:52 | Create | Villager (Male) |
| 17:58 | Build | Town Center |
| 18:04 | Create | Knight |
| 18:10 | Create | Villager (Male) |
| 18:14 | Build | House |
| 18:15 | Create | Villager (Male) |
| 18:23 | Build | Town Center |
| 18:44 | Create | Knight |
| 18:45 | Create | Knight |
| 18:48 | Create | Villager (Male) |
| 19:15 | Create | Knight |
| 19:15 | Create | Knight |
| 19:34 | Create | Villager (Male) |
| 19:35 | Create | Villager (Male) |
| 19:36 | Build | House |
| 19:37 | Build | House |
| 19:45 | Create | Villager (Male) |
| 19:46 | Create | Villager (Male) |
| 19:46 | Create | Villager (Male) |
| 19:58 | Build | Farm |
| 19:59 | Build | Farm |
| 19:59 | Build | Farm |
| 19:59 | Build | Farm |
| 20:00 | Build | Farm |
| 20:04 | Create | Villager (Male) |
| 20:08 | Research | Husbandry |
| 20:08 | Research | Husbandry |
| 20:14 | Build | Farm |
| 20:16 | Build | Farm |
| 20:18 | Build | Farm |
| 20:22 | Create | Knight |
| 20:24 | Create | Villager (Male) |
| 20:26 | Build | House |
| 20:33 | Create | Villager (Male) |
| 20:41 | Build | Farm |
| 20:43 | Create | Villager (Male) |
| 21:05 | Create | Villager (Male) |
| 21:06 | Create | Knight |
| 21:06 | Create | Knight |
| 21:10 | Build | Farm |
| 21:15 | Create | Villager (Male) |
| 21:17 | Create | Villager (Male) |
| 21:17 | Create | Villager (Male) |
| 21:24 | Create | Knight |
| 21:25 | Create | Knight |
| 21:32 | Create | Villager (Male) |
| 21:35 | Create | Villager (Male) |
| 21:36 | Create | Villager (Male) |
| 21:38 | Build | Farm |
| 21:41 | Build | Farm |
| 21:41 | Build | Farm |
| 21:41 | Build | Farm |
| 21:44 | Create | Villager (Male) |
| 21:44 | Create | Villager (Male) |
| 21:47 | Create | Villager (Male) |
| 21:47 | Create | Villager (Male) |
| 21:58 | Create | Villager (Male) |
| 21:59 | Create | Villager (Male) |
| 22:17 | Create | Villager (Male) |
| 22:19 | Create | Villager (Male) |
| 22:23 | Build | Farm |
| 22:24 | Build | Farm |
| 22:38 | Create | Villager (Male) |
Build order — kw
First 150 of 1126 actions detected
| 0:01 | Create | Villager (Male) |
| 0:01 | Create | Villager (Male) |
| 0:02 | Build | House |
| 0:05 | Build | House |
| 0:07 | Create | Villager (Male) |
| 0:15 | Create | Villager (Male) |
| 1:25 | Create | Villager (Male) |
| 1:25 | Create | Villager (Male) |
| 1:55 | Build | Lumber Camp |
| 2:00 | Create | Villager (Male) |
| 2:01 | Create | Villager (Male) |
| 2:15 | Create | Villager (Male) |
| 2:16 | Create | Villager (Male) |
| 2:42 | Create | Villager (Male) |
| 2:43 | Create | Villager (Male) |
| 3:12 | Create | Villager (Male) |
| 3:19 | Create | Villager (Male) |
| 3:27 | Build | House |
| 3:28 | Build | House |
| 3:29 | Build | House |
| 4:00 | Create | Villager (Male) |
| 4:23 | Build | Mill |
| 4:29 | Create | Villager (Male) |
| 4:29 | Create | Villager (Male) |
| 4:55 | Create | Villager (Male) |
| 4:55 | Create | Villager (Male) |
| 5:06 | Create | Villager (Male) |
| 5:07 | Create | Villager (Male) |
| 5:37 | Create | Villager (Male) |
| 6:05 | Create | Villager (Male) |
| 6:06 | Create | Villager (Male) |
| 6:13 | Build | Farm |
| 6:29 | Create | Villager (Male) |
| 6:49 | Create | Villager (Male) |
| 7:27 | Build | Farm |
| 8:16 | Research | Feudal Age |
| 9:35 | Build | Farm |
| 10:10 | Create | Villager (Male) |
| 10:10 | Create | Villager (Male) |
| 10:31 | Age | Feudal Age |
| 10:33 | Build | Market |
| 10:34 | Build | Blacksmith |
| 11:23 | Research | Castle Age |
| 11:49 | Research | Double-Bit Axe |
| 11:50 | Research | Horse Collar |
| 12:27 | Research | Horse Collar |
| 12:27 | Research | Horse Collar |
| 12:31 | Build | Farm |
| 12:34 | Build | Farm |
| 12:36 | Build | Farm |
| 13:36 | Create | Villager (Male) |
| 14:03 | Age | Castle Age |
| 14:14 | Build | Town Center |
| 14:17 | Build | Town Center |
| 14:18 | Research | Bow Saw |
| 14:19 | Research | Heavy Plow |
| 14:19 | Research | Heavy Plow |
| 14:26 | Create | Villager (Male) |
| 14:32 | Build | Farm |
| 14:34 | Build | House |
| 14:37 | Build | Farm |
| 14:42 | Build | Farm |
| 14:42 | Create | Villager (Male) |
| 14:56 | Build | Farm |
| 15:08 | Create | Villager (Male) |
| 15:21 | Build | Farm |
| 15:23 | Create | Villager (Male) |
| 15:29 | Build | Farm |
| 15:34 | Build | Farm |
| 15:35 | Create | Villager (Male) |
| 15:39 | Create | Villager (Male) |
| 15:51 | Build | Farm |
| 15:54 | Create | Villager (Male) |
| 15:56 | Create | Villager (Male) |
| 16:01 | Build | Farm |
| 16:07 | Create | Villager (Male) |
| 16:16 | Build | Farm |
| 16:24 | Create | Villager (Male) |
| 16:26 | Create | Villager (Male) |
| 16:33 | Create | Villager (Male) |
| 16:38 | Build | Farm |
| 16:45 | Build | Outpost |
| 16:47 | Create | Villager (Male) |
| 16:49 | Create | Villager (Male) |
| 17:00 | Build | Farm |
| 17:02 | Build | Farm |
| 17:04 | Build | Farm |
| 17:04 | Create | Villager (Male) |
| 17:14 | Build | Farm |
| 17:15 | Create | Villager (Male) |
| 17:21 | Create | Villager (Male) |
| 17:34 | Build | House |
| 17:35 | Build | House |
| 17:36 | Create | Villager (Male) |
| 17:43 | Create | Villager (Male) |
| 17:51 | Create | Villager (Male) |
| 17:59 | Build | House |
| 18:04 | Create | Villager (Male) |
| 18:09 | Research | Loom |
| 18:11 | Research | Town Watch |
| 18:14 | Build | Outpost |
| 18:20 | Build | Town Center |
| 18:22 | Create | Villager (Male) |
| 18:25 | Build | House |
| 18:26 | Build | House |
| 18:27 | Create | Villager (Male) |
| 18:33 | Create | Villager (Male) |
| 18:34 | Build | Farm |
| 18:36 | Build | Farm |
| 18:42 | Build | House |
| 18:43 | Create | Villager (Male) |
| 18:55 | Create | Villager (Male) |
| 19:01 | Research | Heavy Plow |
| 19:08 | Build | Farm |
| 19:08 | Create | Villager (Male) |
| 19:14 | Build | House |
| 19:26 | Create | Villager (Male) |
| 19:26 | Create | Villager (Male) |
| 19:27 | Create | Villager (Male) |
| 19:34 | Build | Outpost |
| 19:35 | Create | Villager (Male) |
| 19:42 | Build | Farm |
| 19:42 | Build | Farm |
| 19:42 | Build | Farm |
| 19:43 | Build | Farm |
| 19:43 | Build | Farm |
| 19:45 | Create | Villager (Male) |
| 19:47 | Build | Farm |
| 19:48 | Build | Farm |
| 19:48 | Build | Farm |
| 19:54 | Create | Villager (Male) |
| 19:59 | Create | Villager (Male) |
| 20:09 | Build | House |
| 20:09 | Create | Villager (Male) |
| 20:13 | Create | Villager (Male) |
| 20:16 | Create | Villager (Male) |
| 20:25 | Create | Villager (Male) |
| 20:27 | Create | Villager (Male) |
| 20:34 | Create | Villager (Male) |
| 20:37 | Build | Farm |
| 20:37 | Build | Farm |
| 20:37 | Build | Farm |
| 20:40 | Build | House |
| 20:43 | Create | Villager (Male) |
| 20:56 | Build | Stone Wall |
| 21:01 | Create | Villager (Male) |
| 21:05 | Research | Wheelbarrow |
| 21:05 | Research | Wheelbarrow |
| 21:06 | Create | Villager (Male) |
| 21:08 | Build | Mill |
Build order — Moneimon
First 150 of 1019 actions detected
| 0:00 | Create | Villager (Male) |
| 0:01 | Create | Villager (Male) |
| 0:01 | Create | Villager (Male) |
| 0:02 | Build | House |
| 0:03 | Build | House |
| 0:07 | Create | Villager (Male) |
| 0:08 | Create | Villager (Male) |
| 1:16 | Create | Villager (Male) |
| 1:16 | Create | Villager (Male) |
| 1:59 | Create | Villager (Male) |
| 1:59 | Create | Villager (Male) |
| 2:14 | Create | Villager (Male) |
| 2:37 | Build | Lumber Camp |
| 2:41 | Create | Villager (Male) |
| 2:49 | Create | Villager (Male) |
| 2:49 | Create | Villager (Male) |
| 3:44 | Create | Villager (Male) |
| 3:45 | Create | Villager (Male) |
| 3:45 | Create | Villager (Male) |
| 3:52 | Build | House |
| 3:53 | Build | House |
| 3:53 | Build | House |
| 4:00 | Create | Villager (Male) |
| 4:28 | Create | Villager (Male) |
| 4:29 | Create | Villager (Male) |
| 4:29 | Create | Villager (Male) |
| 4:39 | Build | Mill |
| 5:36 | Create | Villager (Male) |
| 5:51 | Create | Villager (Male) |
| 5:52 | Create | Villager (Male) |
| 6:40 | Create | Villager (Male) |
| 6:44 | Create | Villager (Male) |
| 7:12 | Create | Villager (Male) |
| 7:16 | Build | Farm |
| 7:23 | Build | Farm |
| 7:25 | Build | Farm |
| 7:27 | Build | Farm |
| 8:13 | Create | Villager (Male) |
| 8:19 | Research | Feudal Age |
| 8:24 | Build | Mining Camp |
| 9:19 | Create | Villager (Male) |
| 9:20 | Create | Villager (Male) |
| 9:49 | Create | Villager (Male) |
| 9:50 | Create | Villager (Male) |
| 10:55 | Age | Feudal Age |
| 11:07 | Build | Market |
| 11:08 | Build | Blacksmith |
| 11:13 | Build | Barracks |
| 11:57 | Research | Horse Collar |
| 12:12 | Research | Castle Age |
| 12:12 | Research | Castle Age |
| 12:13 | Research | Castle Age |
| 12:14 | Build | Farm |
| 12:16 | Build | Farm |
| 12:25 | Build | Farm |
| 12:40 | Build | Farm |
| 12:43 | Research | Double-Bit Axe |
| 12:49 | Build | House |
| 13:06 | Build | Farm |
| 13:53 | Build | Stable |
| 14:03 | Create | Villager (Male) |
| 14:47 | Research | Scale Barding Armor |
| 14:47 | Create | Villager (Male) |
| 14:52 | Age | Castle Age |
| 14:55 | Build | Farm |
| 14:56 | Create | Knight |
| 14:57 | Research | Bow Saw |
| 14:59 | Create | Villager (Male) |
| 15:07 | Create | Knight |
| 15:18 | Create | Knight |
| 15:33 | Create | Knight |
| 15:47 | Build | Town Center |
| 16:07 | Create | Villager (Male) |
| 16:17 | Create | Knight |
| 16:21 | Create | Villager (Male) |
| 16:26 | Create | Villager (Male) |
| 16:29 | Build | Farm |
| 16:32 | Build | Farm |
| 16:37 | Create | Villager (Male) |
| 16:37 | Create | Knight |
| 16:41 | Build | House |
| 16:46 | Create | Villager (Male) |
| 16:48 | Build | Farm |
| 16:50 | Build | House |
| 16:56 | Create | Knight |
| 16:57 | Create | Villager (Male) |
| 17:02 | Build | Farm |
| 17:04 | Build | House |
| 17:16 | Create | Villager (Male) |
| 17:21 | Create | Villager (Male) |
| 17:28 | Build | Farm |
| 17:29 | Build | House |
| 17:33 | Create | Knight |
| 17:42 | Create | Villager (Male) |
| 17:59 | Build | Siege Workshop |
| 18:04 | Create | Knight |
| 18:04 | Create | Knight |
| 18:17 | Create | Villager (Male) |
| 18:19 | Build | Farm |
| 18:34 | Create | Villager (Male) |
| 18:45 | Create | Mangonel |
| 18:49 | Create | Villager (Male) |
| 18:50 | Create | Villager (Male) |
| 18:50 | Create | Villager (Male) |
| 19:04 | Create | Villager (Male) |
| 19:04 | Build | Farm |
| 19:07 | Build | Farm |
| 19:08 | Build | Farm |
| 19:26 | Create | Villager (Male) |
| 19:32 | Create | Villager (Male) |
| 19:34 | Build | Monastery |
| 19:39 | Create | Villager (Male) |
| 19:40 | Build | Farm |
| 19:56 | Create | Knight |
| 19:59 | Create | Villager (Male) |
| 20:11 | Build | Town Center |
| 20:19 | Create | Villager (Male) |
| 20:21 | Build | Farm |
| 20:25 | Create | Villager (Male) |
| 20:29 | Build | House |
| 20:29 | Build | House |
| 20:29 | Build | House |
| 20:30 | Build | House |
| 20:37 | Create | Monk |
| 20:39 | Build | Farm |
| 20:52 | Create | Villager (Male) |
| 20:53 | Create | Villager (Male) |
| 20:54 | Build | Farm |
| 21:00 | Create | Knight |
| 21:05 | Create | Villager (Male) |
| 21:07 | Build | Farm |
| 21:10 | Create | Villager (Male) |
| 21:20 | Create | Villager (Male) |
| 21:21 | Create | Monk |
| 21:32 | Create | Monk |
| 21:35 | Create | Villager (Male) |
| 21:37 | Create | Villager (Male) |
| 21:39 | Build | Farm |
| 21:40 | Build | Farm |
| 21:40 | Build | Farm |
| 21:40 | Build | Farm |
| 21:53 | Create | Monk |
| 22:04 | Create | Villager (Male) |
| 22:06 | Create | Villager (Male) |
| 22:09 | Create | Villager (Male) |
| 22:20 | Create | Villager (Male) |
| 22:22 | Build | Town Center |
| 22:23 | Create | Villager (Male) |
| 22:23 | Create | Villager (Male) |
| 22:26 | Create | Villager (Male) |
Match timeline
| 8:51 | GKT_Cloud · age_up feudal |
| 9:26 | GKT_Cloud · first_building Siege Workshop |
| 10:28 | Poxo · age_up feudal |
| 10:31 | kw · age_up feudal |
| 10:39 | Poxo · wall_segment Stone Wall x4 |
| 10:55 | Dragon · age_up feudal |
| 10:55 | Moneimon · age_up feudal |
| 10:56 | Poxo · wall_segment Stone Wall x10 |
| 10:58 | Oni.TaToH · age_up feudal |
| 10:58 | 04py · age_up feudal |
| 10:59 | Poxo · wall_segment Stone Wall x3 |
| 11:13 | Moneimon · first_building Barracks |
| 11:16 | Poxo · wall_segment Stone Wall x12 |
| 11:23 | kw · first_market_sell 100 wood |
| 11:24 | Poxo · first_market_sell 100 wood |
| 11:49 | Oni.TaToH · first_market_sell 100 stone |
| 12:00 | 04py · first_building Stable |
| 12:11 | [R1] Pume · age_up feudal |
| 12:31 | Poxo · wall_segment Stone Wall x3 |
| 12:41 | GKT_Cloud · wall_segment Palisade Wall x1 |
| 12:41 | Poxo · wall_segment Stone Wall x1 |
| 12:47 | Poxo · wall_segment Stone Wall x1 |
| 12:48 | Poxo · wall_segment Stone Wall x5 |
| 12:54 | Poxo · first_market_buy 100 food |
| 13:07 | Poxo · wall_segment Stone Wall x1 |
| 13:38 | 04py · age_up castle |
| 13:53 | Moneimon · first_building Stable |
| 14:01 | Poxo · wall_segment Palisade Wall x1 |
| 14:03 | kw · age_up castle |
| 14:10 | Poxo · wall_segment Palisade Wall x1 |
| 14:26 | Dragon · age_up castle |
| 14:32 | Oni.TaToH · age_up castle |
| 14:44 | Poxo · age_up castle |
| 14:46 | Poxo · first_building Siege Workshop |
| 14:51 | Poxo · wall_segment Palisade Wall x1 |
| 14:52 | Poxo · wall_segment Palisade Wall x1 |
| 14:52 | Moneimon · age_up castle |
| 14:54 | Poxo · wall_segment Palisade Wall x2 |
| 15:11 | Dragon · first_market_buy 100 wood |
| 15:50 | [R1] Pume · age_up castle |
| 17:59 | Moneimon · first_building Siege Workshop |
| 18:44 | Moneimon · first_market_sell 100 wood |
| 18:57 | kw · first_market_buy 100 food |
| 19:02 | Dragon · first_building Monastery |
| 19:34 | Moneimon · first_building Monastery |
| 19:47 | [R1] Pume · wall_segment Palisade Wall x1 |
| 19:48 | [R1] Pume · wall_segment Palisade Wall x1 |
| 19:49 | [R1] Pume · wall_segment Palisade Wall x1 |
| 19:50 | [R1] Pume · wall_segment Palisade Wall x1 |
| 20:26 | GKT_Cloud · wall_segment Palisade Wall x1 |
| 20:27 | GKT_Cloud · wall_segment Palisade Wall x1 |
| 20:28 | GKT_Cloud · wall_segment Palisade Wall x1 |
| 20:41 | Oni.TaToH · first_market_buy 100 stone |
| 20:52 | [R1] Pume · first_market_buy 100 food |
| 20:56 | kw · wall_segment Stone Wall x1 |
| 21:00 | GKT_Cloud · wall_segment Palisade Wall x1 |
| 21:02 | GKT_Cloud · wall_segment Palisade Wall x1 |
| 21:04 | GKT_Cloud · wall_segment Palisade Wall x1 |
| 21:31 | Oni.TaToH · first_building Castle |
| 21:36 | kw · wall_segment Palisade Wall x1 |
| 21:36 | kw · wall_segment Palisade Wall x1 |
| 21:37 | kw · wall_segment Palisade Wall x1 |
| 21:38 | Oni.TaToH · first_building Barracks |
| 21:51 | Oni.TaToH · first_building Monastery |
| 22:11 | Oni.TaToH · wall_segment Stone Wall x1 |
| 22:19 | Moneimon · first_market_buy 100 stone |
| 22:31 | [R1] Pume · wall_segment Palisade Wall x1 |
| 22:33 | [R1] Pume · wall_segment Palisade Wall x1 |
| 22:37 | [R1] Pume · wall_segment Palisade Wall x1 |
| 22:38 | kw · wall_segment Stone Wall x1 |
| 22:38 | kw · wall_segment Stone Wall x1 |
| 22:41 | kw · wall_segment Stone Wall x1 |
| 22:44 | kw · wall_segment Stone Wall x1 |
| 22:50 | kw · wall_segment Stone Wall x1 |
| 22:50 | kw · wall_segment Stone Wall x1 |
| 22:54 | kw · wall_segment Stone Wall x1 |
| 22:54 | kw · wall_segment Stone Wall x1 |
| 22:55 | kw · wall_segment Stone Wall x1 |
| 23:08 | [R1] Pume · first_building Castle |
| 23:09 | Dragon · first_building Barracks |
| 23:18 | kw · first_building Siege Workshop |
| 23:27 | kw · first_building Castle |
| 23:59 | Oni.TaToH · first_building Stable |
| 24:09 | 04py · first_building Monastery |
| 25:05 | Dragon · first_building Castle |
| 25:54 | GKT_Cloud · age_up castle |
| 25:58 | Dragon · first_building Siege Workshop |
| 25:59 | GKT_Cloud · first_market_buy 100 stone |
| 26:19 | GKT_Cloud · first_building Castle |
| 26:40 | GKT_Cloud · first_building Barracks |
| 27:10 | [R1] Pume · first_building Siege Workshop |
| 27:12 | kw · age_up imperial |
| 27:15 | [R1] Pume · wall_segment Stone Wall x4 |
| 27:19 | [R1] Pume · age_up imperial |
| 27:51 | Dragon · age_up imperial |
| 27:57 | 04py · first_building Castle |
| 28:02 | GKT_Cloud · first_building Stable |
| 29:06 | [R1] Pume · wall_segment Stone Wall x2 |
| 29:17 | Oni.TaToH · age_up imperial |
| 29:51 | 04py · age_up imperial |
| 30:20 | Oni.TaToH · first_building Siege Workshop |
| 30:26 | Dragon · first_market_sell 100 food |
| 30:32 | [R1] Pume · first_market_sell 100 wood |
| 30:46 | GKT_Cloud · first_market_sell 100 wood |
| 30:50 | Moneimon · first_building Castle |
| 30:58 | [R1] Pume · wall_segment Stone Wall x6 |
| 31:18 | [R1] Pume · wall_segment Stone Wall x5 |
| 31:20 | [R1] Pume · wall_segment Stone Wall x4 |
| 31:38 | Moneimon · age_up imperial |
| 31:58 | [R1] Pume · wall_segment Stone Wall x1 |
| 32:07 | [R1] Pume · wall_segment Stone Wall x1 |
| 32:07 | GKT_Cloud · first_building Archery Range |
| 32:28 | [R1] Pume · wall_segment Stone Wall x1 |
| 32:34 | [R1] Pume · wall_segment Stone Wall x1 |
| 33:56 | GKT_Cloud · age_up imperial |
| 34:10 | [R1] Pume · first_building Barracks |
| 36:09 | Oni.TaToH · tribute_sent a jugador 1 |
| 36:09 | Oni.TaToH · tribute_sent a jugador 2 |
| 36:09 | Oni.TaToH · tribute_sent a jugador 3 |
| 36:09 | Oni.TaToH · tribute_sent a jugador 5 |
| 36:09 | Oni.TaToH · tribute_sent a jugador 6 |
| 36:09 | Oni.TaToH · tribute_sent a jugador 7 |
| 36:09 | Oni.TaToH · tribute_sent a jugador 8 |
| 38:02 | Oni.TaToH · tribute_sent a jugador 1 |
| 38:02 | Oni.TaToH · tribute_sent a jugador 2 |
| 38:02 | Oni.TaToH · tribute_sent a jugador 3 |
| 38:02 | Oni.TaToH · tribute_sent a jugador 5 |
| 38:02 | Oni.TaToH · tribute_sent a jugador 6 |
| 38:02 | Oni.TaToH · tribute_sent a jugador 7 |
| 38:02 | Oni.TaToH · tribute_sent a jugador 8 |
| 38:09 | Poxo · tribute_sent a jugador 1 |
| 38:09 | Poxo · tribute_sent a jugador 2 |
| 38:09 | Poxo · tribute_sent a jugador 3 |
| 38:09 | Poxo · tribute_sent a jugador 4 |
| 38:09 | Poxo · tribute_sent a jugador 5 |
| 38:09 | Poxo · tribute_sent a jugador 7 |
| 38:09 | Poxo · tribute_sent a jugador 8 |
| 39:19 | Oni.TaToH · tribute_sent a jugador 1 |
| 39:19 | Oni.TaToH · tribute_sent a jugador 2 |
| 39:19 | Oni.TaToH · tribute_sent a jugador 3 |
| 39:19 | Oni.TaToH · tribute_sent a jugador 5 |
| 39:19 | Oni.TaToH · tribute_sent a jugador 6 |
| 39:19 | Oni.TaToH · tribute_sent a jugador 7 |
| 39:19 | Oni.TaToH · tribute_sent a jugador 8 |
| 39:53 | Poxo · tribute_sent a jugador 1 |
| 39:53 | Poxo · tribute_sent a jugador 2 |
| 39:53 | Poxo · tribute_sent a jugador 3 |
| 39:53 | Poxo · tribute_sent a jugador 4 |
| 39:53 | Poxo · tribute_sent a jugador 5 |
| 39:53 | Poxo · tribute_sent a jugador 7 |
| 39:53 | Poxo · tribute_sent a jugador 8 |
| 40:24 | kw · first_building Barracks |
| 40:40 | Poxo · first_building Monastery |
| 41:15 | kw · first_building Archery Range |
| 42:30 | Oni.TaToH · tribute_sent a jugador 1 |
| 42:30 | Oni.TaToH · tribute_sent a jugador 2 |
| 42:30 | Oni.TaToH · tribute_sent a jugador 3 |
| 42:30 | Oni.TaToH · tribute_sent a jugador 5 |
| 42:30 | Oni.TaToH · tribute_sent a jugador 6 |
| 42:30 | Oni.TaToH · tribute_sent a jugador 7 |
| 42:30 | Oni.TaToH · tribute_sent a jugador 8 |
| 44:01 | Poxo · first_building Barracks |
| 44:05 | Dragon · first_building Stable |
| 44:10 | Poxo · first_building Castle |
| 45:07 | Poxo · age_up imperial |
| 45:34 | Oni.TaToH · tribute_sent a jugador 1 |
| 45:34 | Oni.TaToH · tribute_sent a jugador 2 |
| 45:34 | Oni.TaToH · tribute_sent a jugador 3 |
| 45:34 | Oni.TaToH · tribute_sent a jugador 5 |
| 45:34 | Oni.TaToH · tribute_sent a jugador 6 |
| 45:34 | Oni.TaToH · tribute_sent a jugador 7 |
| 45:34 | Oni.TaToH · tribute_sent a jugador 8 |
| 45:45 | Poxo · first_building Archery Range |
| 46:42 | kw · tribute_sent a jugador 1 |
| 46:42 | kw · tribute_sent a jugador 2 |
| 46:42 | kw · tribute_sent a jugador 3 |
| 46:42 | kw · tribute_sent a jugador 4 |
| 46:42 | kw · tribute_sent a jugador 5 |
| 46:42 | kw · tribute_sent a jugador 6 |
| 46:42 | kw · tribute_sent a jugador 8 |
| 48:51 | Poxo · tribute_sent a jugador 1 |
| 48:51 | Poxo · tribute_sent a jugador 2 |
| 48:51 | Poxo · tribute_sent a jugador 3 |
| 48:51 | Poxo · tribute_sent a jugador 4 |
| 48:51 | Poxo · tribute_sent a jugador 5 |
| 48:51 | Poxo · tribute_sent a jugador 7 |
| 48:51 | Poxo · tribute_sent a jugador 8 |
| 49:18 | Oni.TaToH · tribute_sent a jugador 1 |
| 49:18 | Oni.TaToH · tribute_sent a jugador 2 |
| 49:18 | Oni.TaToH · tribute_sent a jugador 3 |
| 49:18 | Oni.TaToH · tribute_sent a jugador 5 |
| 49:18 | Oni.TaToH · tribute_sent a jugador 6 |
| 49:18 | Oni.TaToH · tribute_sent a jugador 7 |
| 49:18 | Oni.TaToH · tribute_sent a jugador 8 |
| 49:19 | Poxo · tribute_sent a jugador 1 |
| 49:19 | Poxo · tribute_sent a jugador 2 |
| 49:19 | Poxo · tribute_sent a jugador 3 |
| 49:19 | Poxo · tribute_sent a jugador 4 |
| 49:19 | Poxo · tribute_sent a jugador 5 |
| 49:19 | Poxo · tribute_sent a jugador 7 |
| 49:19 | Poxo · tribute_sent a jugador 8 |
| 51:15 | Poxo · first_building Stable |
| 52:08 | Dragon · tribute_sent a jugador 2 |
| 52:08 | Dragon · tribute_sent a jugador 3 |
| 52:08 | Dragon · tribute_sent a jugador 4 |
| 52:08 | Dragon · tribute_sent a jugador 5 |
| 52:08 | Dragon · tribute_sent a jugador 6 |
| 52:08 | Dragon · tribute_sent a jugador 7 |
| 52:08 | Dragon · tribute_sent a jugador 8 |
| 53:15 | Poxo · tribute_sent a jugador 1 |
| 53:15 | Poxo · tribute_sent a jugador 2 |
| 53:15 | Poxo · tribute_sent a jugador 3 |
| 53:15 | Poxo · tribute_sent a jugador 4 |
| 53:15 | Poxo · tribute_sent a jugador 5 |
| 53:15 | Poxo · tribute_sent a jugador 7 |
| 53:15 | Poxo · tribute_sent a jugador 8 |
| 53:15 | Oni.TaToH · tribute_sent a jugador 1 |
| 53:15 | Oni.TaToH · tribute_sent a jugador 2 |
| 53:15 | Oni.TaToH · tribute_sent a jugador 3 |
| 53:15 | Oni.TaToH · tribute_sent a jugador 5 |
| 53:15 | Oni.TaToH · tribute_sent a jugador 6 |
| 53:15 | Oni.TaToH · tribute_sent a jugador 7 |
| 53:15 | Oni.TaToH · tribute_sent a jugador 8 |
| 53:29 | Moneimon · tribute_sent a jugador 1 |
| 53:29 | Moneimon · tribute_sent a jugador 2 |
| 53:29 | Moneimon · tribute_sent a jugador 3 |
| 53:29 | Moneimon · tribute_sent a jugador 4 |
| 53:29 | Moneimon · tribute_sent a jugador 5 |
| 53:29 | Moneimon · tribute_sent a jugador 6 |
| 53:29 | Moneimon · tribute_sent a jugador 7 |
| 54:09 | Dragon · tribute_sent a jugador 2 |
| 54:09 | Dragon · tribute_sent a jugador 3 |
| 54:09 | Dragon · tribute_sent a jugador 4 |
| 54:09 | Dragon · tribute_sent a jugador 5 |
| 54:09 | Dragon · tribute_sent a jugador 6 |
| 54:09 | Dragon · tribute_sent a jugador 7 |
| 54:09 | Dragon · tribute_sent a jugador 8 |
| 55:41 | Dragon · tribute_sent a jugador 2 |
| 55:41 | Dragon · tribute_sent a jugador 3 |
| 55:41 | Dragon · tribute_sent a jugador 4 |
| 55:41 | Dragon · tribute_sent a jugador 5 |
| 55:41 | Dragon · tribute_sent a jugador 6 |
| 55:41 | Dragon · tribute_sent a jugador 7 |
| 55:41 | Dragon · tribute_sent a jugador 8 |
| 55:54 | Dragon · tribute_sent a jugador 2 |
| 55:54 | Dragon · tribute_sent a jugador 3 |
| 55:54 | Dragon · tribute_sent a jugador 4 |
| 55:54 | Dragon · tribute_sent a jugador 5 |
| 55:54 | Dragon · tribute_sent a jugador 6 |
| 55:54 | Dragon · tribute_sent a jugador 7 |
| 55:54 | Dragon · tribute_sent a jugador 8 |
| 56:13 | Oni.TaToH · tribute_sent a jugador 1 |
| 56:13 | Oni.TaToH · tribute_sent a jugador 2 |
| 56:13 | Oni.TaToH · tribute_sent a jugador 3 |
| 56:13 | Oni.TaToH · tribute_sent a jugador 5 |
| 56:13 | Oni.TaToH · tribute_sent a jugador 6 |
| 56:13 | Oni.TaToH · tribute_sent a jugador 7 |
| 56:13 | Oni.TaToH · tribute_sent a jugador 8 |
| 57:35 | Poxo · tribute_sent a jugador 1 |
| 57:35 | Poxo · tribute_sent a jugador 2 |
| 57:35 | Poxo · tribute_sent a jugador 3 |
| 57:35 | Poxo · tribute_sent a jugador 4 |
| 57:35 | Poxo · tribute_sent a jugador 5 |
| 57:35 | Poxo · tribute_sent a jugador 7 |
| 57:35 | Poxo · tribute_sent a jugador 8 |
| 57:36 | Oni.TaToH · tribute_sent a jugador 1 |
| 57:36 | Oni.TaToH · tribute_sent a jugador 2 |
| 57:36 | Oni.TaToH · tribute_sent a jugador 3 |
| 57:36 | Oni.TaToH · tribute_sent a jugador 5 |
| 57:36 | Oni.TaToH · tribute_sent a jugador 6 |
| 57:36 | Oni.TaToH · tribute_sent a jugador 7 |
| 57:36 | Oni.TaToH · tribute_sent a jugador 8 |
| 57:44 | Moneimon · tribute_sent a jugador 1 |
| 57:44 | Moneimon · tribute_sent a jugador 2 |
| 57:44 | Moneimon · tribute_sent a jugador 3 |
| 57:44 | Moneimon · tribute_sent a jugador 4 |
| 57:44 | Moneimon · tribute_sent a jugador 5 |
| 57:44 | Moneimon · tribute_sent a jugador 6 |
| 57:44 | Moneimon · tribute_sent a jugador 7 |
| 57:59 | Moneimon · tribute_sent a jugador 1 |
| 57:59 | Moneimon · tribute_sent a jugador 2 |
| 57:59 | Moneimon · tribute_sent a jugador 3 |
| 57:59 | Moneimon · tribute_sent a jugador 4 |
| 57:59 | Moneimon · tribute_sent a jugador 5 |
| 57:59 | Moneimon · tribute_sent a jugador 6 |
| 57:59 | Moneimon · tribute_sent a jugador 7 |
| 59:09 | Poxo · tribute_sent a jugador 1 |
| 59:09 | Poxo · tribute_sent a jugador 2 |
| 59:09 | Poxo · tribute_sent a jugador 3 |
| 59:09 | Poxo · tribute_sent a jugador 4 |
| 59:09 | Poxo · tribute_sent a jugador 5 |
| 59:09 | Poxo · tribute_sent a jugador 7 |
| 59:09 | Poxo · tribute_sent a jugador 8 |
| 59:45 | Dragon · tribute_sent a jugador 2 |
| 59:45 | Dragon · tribute_sent a jugador 3 |
| 59:45 | Dragon · tribute_sent a jugador 4 |
| 59:45 | Dragon · tribute_sent a jugador 5 |
| 59:45 | Dragon · tribute_sent a jugador 6 |
| 59:45 | Dragon · tribute_sent a jugador 7 |
| 59:45 | Dragon · tribute_sent a jugador 8 |
| 60:23 | 04py · first_market_sell 500 wood |
| 60:39 | Oni.TaToH · tribute_sent a jugador 1 |
| 60:39 | Oni.TaToH · tribute_sent a jugador 2 |
| 60:39 | Oni.TaToH · tribute_sent a jugador 3 |
| 60:39 | Oni.TaToH · tribute_sent a jugador 5 |
| 60:39 | Oni.TaToH · tribute_sent a jugador 6 |
| 60:39 | Oni.TaToH · tribute_sent a jugador 7 |
| 60:39 | Oni.TaToH · tribute_sent a jugador 8 |
| 61:26 | Poxo · tribute_sent a jugador 1 |
| 61:26 | Poxo · tribute_sent a jugador 2 |
| 61:26 | Poxo · tribute_sent a jugador 3 |
| 61:26 | Poxo · tribute_sent a jugador 4 |
| 61:26 | Poxo · tribute_sent a jugador 5 |
| 61:26 | Poxo · tribute_sent a jugador 7 |
| 61:26 | Poxo · tribute_sent a jugador 8 |
| 61:26 | Oni.TaToH · tribute_sent a jugador 1 |
| 61:26 | Oni.TaToH · tribute_sent a jugador 2 |
| 61:26 | Oni.TaToH · tribute_sent a jugador 3 |
| 61:26 | Oni.TaToH · tribute_sent a jugador 5 |
| 61:26 | Oni.TaToH · tribute_sent a jugador 6 |
| 61:26 | Oni.TaToH · tribute_sent a jugador 7 |
| 61:26 | Oni.TaToH · tribute_sent a jugador 8 |
| 62:57 | Oni.TaToH · wall_segment Stone Wall x7 |
| 63:01 | Oni.TaToH · wall_segment Stone Wall x9 |
| 63:03 | Oni.TaToH · wall_segment Stone Wall x3 |
| 63:08 | 04py · first_building Siege Workshop |
| 64:43 | Poxo · tribute_sent a jugador 1 |
| 64:43 | Poxo · tribute_sent a jugador 2 |
| 64:43 | Poxo · tribute_sent a jugador 3 |
| 64:43 | Poxo · tribute_sent a jugador 4 |
| 64:43 | Poxo · tribute_sent a jugador 5 |
| 64:43 | Poxo · tribute_sent a jugador 7 |
| 64:43 | Poxo · tribute_sent a jugador 8 |
| 64:46 | Moneimon · tribute_sent a jugador 1 |
| 64:46 | Moneimon · tribute_sent a jugador 2 |
| 64:46 | Moneimon · tribute_sent a jugador 3 |
| 64:46 | Moneimon · tribute_sent a jugador 4 |
| 64:46 | Moneimon · tribute_sent a jugador 5 |
| 64:46 | Moneimon · tribute_sent a jugador 6 |
| 64:46 | Moneimon · tribute_sent a jugador 7 |
| 65:07 | Poxo · tribute_sent a jugador 1 |
| 65:07 | Poxo · tribute_sent a jugador 2 |
| 65:07 | Poxo · tribute_sent a jugador 3 |
| 65:07 | Poxo · tribute_sent a jugador 4 |
| 65:07 | Poxo · tribute_sent a jugador 5 |
| 65:07 | Poxo · tribute_sent a jugador 7 |
| 65:07 | Poxo · tribute_sent a jugador 8 |
| 65:42 | Poxo · tribute_sent a jugador 1 |
| 65:42 | Poxo · tribute_sent a jugador 2 |
| 65:42 | Poxo · tribute_sent a jugador 3 |
| 65:42 | Poxo · tribute_sent a jugador 4 |
| 65:42 | Poxo · tribute_sent a jugador 5 |
| 65:42 | Poxo · tribute_sent a jugador 7 |
| 65:42 | Poxo · tribute_sent a jugador 8 |
| 65:48 | Oni.TaToH · tribute_sent a jugador 1 |
| 65:48 | Oni.TaToH · tribute_sent a jugador 2 |
| 65:48 | Oni.TaToH · tribute_sent a jugador 3 |
| 65:48 | Oni.TaToH · tribute_sent a jugador 5 |
| 65:48 | Oni.TaToH · tribute_sent a jugador 6 |
| 65:48 | Oni.TaToH · tribute_sent a jugador 7 |
| 65:48 | Oni.TaToH · tribute_sent a jugador 8 |
| 65:57 | Moneimon · tribute_sent a jugador 1 |
| 65:57 | Moneimon · tribute_sent a jugador 2 |
| 65:57 | Moneimon · tribute_sent a jugador 3 |
| 65:57 | Moneimon · tribute_sent a jugador 4 |
| 65:57 | Moneimon · tribute_sent a jugador 5 |
| 65:57 | Moneimon · tribute_sent a jugador 6 |
| 65:57 | Moneimon · tribute_sent a jugador 7 |
| 66:53 | Poxo · tribute_sent a jugador 1 |
| 66:53 | Poxo · tribute_sent a jugador 2 |
| 66:53 | Poxo · tribute_sent a jugador 3 |
| 66:53 | Poxo · tribute_sent a jugador 4 |
| 66:53 | Poxo · tribute_sent a jugador 5 |
| 66:53 | Poxo · tribute_sent a jugador 7 |
| 66:53 | Poxo · tribute_sent a jugador 8 |
| 66:56 | Poxo · tribute_sent a jugador 1 |
| 66:56 | Poxo · tribute_sent a jugador 2 |
| 66:56 | Poxo · tribute_sent a jugador 3 |
| 66:56 | Poxo · tribute_sent a jugador 4 |
| 66:56 | Poxo · tribute_sent a jugador 5 |
| 66:56 | Poxo · tribute_sent a jugador 7 |
| 66:56 | Poxo · tribute_sent a jugador 8 |
| 67:23 | Poxo · tribute_sent a jugador 1 |
| 67:23 | Poxo · tribute_sent a jugador 2 |
| 67:23 | Poxo · tribute_sent a jugador 3 |
| 67:23 | Poxo · tribute_sent a jugador 4 |
| 67:23 | Poxo · tribute_sent a jugador 5 |
| 67:23 | Poxo · tribute_sent a jugador 7 |
| 67:23 | Poxo · tribute_sent a jugador 8 |
| 67:27 | Moneimon · tribute_sent a jugador 1 |
| 67:27 | Moneimon · tribute_sent a jugador 2 |
| 67:27 | Moneimon · tribute_sent a jugador 3 |
| 67:27 | Moneimon · tribute_sent a jugador 4 |
| 67:27 | Moneimon · tribute_sent a jugador 5 |
| 67:27 | Moneimon · tribute_sent a jugador 6 |
| 67:27 | Moneimon · tribute_sent a jugador 7 |
| 67:39 | Poxo · tribute_sent a jugador 1 |
| 67:39 | Poxo · tribute_sent a jugador 2 |
| 67:39 | Poxo · tribute_sent a jugador 3 |
| 67:39 | Poxo · tribute_sent a jugador 4 |
| 67:40 | Poxo · tribute_sent a jugador 5 |
| 67:40 | Poxo · tribute_sent a jugador 7 |
| 67:40 | Poxo · tribute_sent a jugador 8 |
| 67:48 | 04py · wall_segment Stone Wall x81 |
| 68:24 | GKT_Cloud · wall_segment Palisade Wall x1 |
| 68:35 | Poxo · tribute_sent a jugador 1 |
| 68:35 | Poxo · tribute_sent a jugador 2 |
| 68:35 | Poxo · tribute_sent a jugador 3 |
| 68:35 | Poxo · tribute_sent a jugador 4 |
| 68:35 | Poxo · tribute_sent a jugador 5 |
| 68:35 | Poxo · tribute_sent a jugador 7 |
| 68:35 | Poxo · tribute_sent a jugador 8 |
| 69:41 | Moneimon · tribute_sent a jugador 1 |
| 69:41 | Moneimon · tribute_sent a jugador 2 |
| 69:41 | Moneimon · tribute_sent a jugador 3 |
| 69:41 | Moneimon · tribute_sent a jugador 4 |
| 69:41 | Moneimon · tribute_sent a jugador 5 |
| 69:41 | Moneimon · tribute_sent a jugador 6 |
| 69:41 | Moneimon · tribute_sent a jugador 7 |
| 70:10 | Dragon · tribute_sent a jugador 2 |
| 70:10 | Dragon · tribute_sent a jugador 3 |
| 70:10 | Dragon · tribute_sent a jugador 4 |
| 70:10 | Dragon · tribute_sent a jugador 5 |
| 70:10 | Dragon · tribute_sent a jugador 6 |
| 70:10 | Dragon · tribute_sent a jugador 7 |
| 70:10 | Dragon · tribute_sent a jugador 8 |
| 70:17 | 04py · wall_segment Stone Wall x1 |
| 70:19 | 04py · wall_segment Stone Wall x1 |
| 70:36 | Moneimon · tribute_sent a jugador 1 |
| 70:36 | Moneimon · tribute_sent a jugador 2 |
| 70:36 | Moneimon · tribute_sent a jugador 3 |
| 70:36 | Moneimon · tribute_sent a jugador 4 |
| 70:36 | Moneimon · tribute_sent a jugador 5 |
| 70:36 | Moneimon · tribute_sent a jugador 6 |
| 70:36 | Moneimon · tribute_sent a jugador 7 |
| 71:33 | Poxo · tribute_sent a jugador 1 |
| 71:33 | Poxo · tribute_sent a jugador 2 |
| 71:33 | Poxo · tribute_sent a jugador 3 |
| 71:33 | Poxo · tribute_sent a jugador 4 |
| 71:33 | Poxo · tribute_sent a jugador 5 |
| 71:33 | Poxo · tribute_sent a jugador 7 |
| 71:33 | Poxo · tribute_sent a jugador 8 |
| 71:36 | Moneimon · tribute_sent a jugador 1 |
| 71:36 | Moneimon · tribute_sent a jugador 2 |
| 71:36 | Moneimon · tribute_sent a jugador 3 |
| 71:36 | Moneimon · tribute_sent a jugador 4 |
| 71:36 | Moneimon · tribute_sent a jugador 5 |
| 71:36 | Moneimon · tribute_sent a jugador 6 |
| 71:36 | Moneimon · tribute_sent a jugador 7 |
| 73:36 | Oni.TaToH · tribute_sent a jugador 1 |
| 73:36 | Oni.TaToH · tribute_sent a jugador 2 |
| 73:36 | Oni.TaToH · tribute_sent a jugador 3 |
| 73:36 | Oni.TaToH · tribute_sent a jugador 5 |
| 73:36 | Oni.TaToH · tribute_sent a jugador 6 |
| 73:36 | Oni.TaToH · tribute_sent a jugador 7 |
| 73:36 | Oni.TaToH · tribute_sent a jugador 8 |
| 73:37 | Poxo · tribute_sent a jugador 1 |
| 73:37 | Poxo · tribute_sent a jugador 2 |
| 73:37 | Poxo · tribute_sent a jugador 3 |
| 73:37 | Poxo · tribute_sent a jugador 4 |
| 73:37 | Poxo · tribute_sent a jugador 5 |
| 73:37 | Poxo · tribute_sent a jugador 7 |
| 73:37 | Poxo · tribute_sent a jugador 8 |
| 74:09 | Moneimon · tribute_sent a jugador 1 |
| 74:09 | Moneimon · tribute_sent a jugador 2 |
| 74:09 | Moneimon · tribute_sent a jugador 3 |
| 74:09 | Moneimon · tribute_sent a jugador 4 |
| 74:09 | Moneimon · tribute_sent a jugador 5 |
| 74:09 | Moneimon · tribute_sent a jugador 6 |
| 74:09 | Moneimon · tribute_sent a jugador 7 |
| 75:16 | Moneimon · tribute_sent a jugador 1 |
| 75:16 | Moneimon · tribute_sent a jugador 2 |
| 75:16 | Moneimon · tribute_sent a jugador 3 |
| 75:16 | Moneimon · tribute_sent a jugador 4 |
| 75:16 | Moneimon · tribute_sent a jugador 5 |
| 75:16 | Moneimon · tribute_sent a jugador 6 |
| 75:16 | Moneimon · tribute_sent a jugador 7 |
| 75:50 | Oni.TaToH · tribute_sent a jugador 1 |
| 75:50 | Oni.TaToH · tribute_sent a jugador 2 |
| 75:50 | Oni.TaToH · tribute_sent a jugador 3 |
| 75:50 | Oni.TaToH · tribute_sent a jugador 5 |
| 75:50 | Oni.TaToH · tribute_sent a jugador 6 |
| 75:50 | Oni.TaToH · tribute_sent a jugador 7 |
| 75:50 | Oni.TaToH · tribute_sent a jugador 8 |
| 75:54 | [R1] Pume · tribute_sent a jugador 1 |
| 75:54 | [R1] Pume · tribute_sent a jugador 3 |
| 75:54 | [R1] Pume · tribute_sent a jugador 4 |
| 75:54 | [R1] Pume · tribute_sent a jugador 5 |
| 75:54 | [R1] Pume · tribute_sent a jugador 6 |
| 75:54 | [R1] Pume · tribute_sent a jugador 7 |
| 75:54 | [R1] Pume · tribute_sent a jugador 8 |
| 78:51 | Oni.TaToH · tribute_sent a jugador 1 |
| 78:51 | Oni.TaToH · tribute_sent a jugador 2 |
| 78:51 | Oni.TaToH · tribute_sent a jugador 3 |
| 78:51 | Oni.TaToH · tribute_sent a jugador 5 |
| 78:51 | Oni.TaToH · tribute_sent a jugador 6 |
| 78:51 | Oni.TaToH · tribute_sent a jugador 7 |
| 78:51 | Oni.TaToH · tribute_sent a jugador 8 |
| 78:54 | [R1] Pume · tribute_sent a jugador 1 |
| 78:54 | [R1] Pume · tribute_sent a jugador 3 |
| 78:54 | [R1] Pume · tribute_sent a jugador 4 |
| 78:54 | [R1] Pume · tribute_sent a jugador 5 |
| 78:54 | [R1] Pume · tribute_sent a jugador 6 |
| 78:54 | [R1] Pume · tribute_sent a jugador 7 |
| 78:54 | [R1] Pume · tribute_sent a jugador 8 |
| 78:58 | Poxo · tribute_sent a jugador 1 |
| 78:58 | Poxo · tribute_sent a jugador 2 |
| 78:58 | Poxo · tribute_sent a jugador 3 |
| 78:58 | Poxo · tribute_sent a jugador 4 |
| 78:58 | Poxo · tribute_sent a jugador 5 |
| 78:58 | Poxo · tribute_sent a jugador 7 |
| 78:58 | Poxo · tribute_sent a jugador 8 |
| 79:20 | Dragon · tribute_sent a jugador 2 |
| 79:20 | Dragon · tribute_sent a jugador 3 |
| 79:20 | Dragon · tribute_sent a jugador 4 |
| 79:20 | Dragon · tribute_sent a jugador 5 |
| 79:20 | Dragon · tribute_sent a jugador 6 |
| 79:20 | Dragon · tribute_sent a jugador 7 |
| 79:20 | Dragon · tribute_sent a jugador 8 |
| 79:25 | Moneimon · tribute_sent a jugador 1 |
| 79:25 | Moneimon · tribute_sent a jugador 2 |
| 79:25 | Moneimon · tribute_sent a jugador 3 |
| 79:25 | Moneimon · tribute_sent a jugador 4 |
| 79:25 | Moneimon · tribute_sent a jugador 5 |
| 79:25 | Moneimon · tribute_sent a jugador 6 |
| 79:25 | Moneimon · tribute_sent a jugador 7 |
| 79:53 | Oni.TaToH · tribute_sent a jugador 1 |
| 79:53 | Oni.TaToH · tribute_sent a jugador 2 |
| 79:53 | Oni.TaToH · tribute_sent a jugador 3 |
| 79:53 | Oni.TaToH · tribute_sent a jugador 5 |
| 79:53 | Oni.TaToH · tribute_sent a jugador 6 |
| 79:53 | Oni.TaToH · tribute_sent a jugador 7 |
| 79:53 | Oni.TaToH · tribute_sent a jugador 8 |
| 80:20 | Oni.TaToH · tribute_sent a jugador 1 |
| 80:20 | Oni.TaToH · tribute_sent a jugador 2 |
| 80:20 | Oni.TaToH · tribute_sent a jugador 3 |
| 80:20 | Oni.TaToH · tribute_sent a jugador 5 |
| 80:20 | Oni.TaToH · tribute_sent a jugador 6 |
| 80:20 | Oni.TaToH · tribute_sent a jugador 7 |
| 80:20 | Oni.TaToH · tribute_sent a jugador 8 |
| 81:00 | 04py · tribute_sent a jugador 1 |
| 81:00 | 04py · tribute_sent a jugador 2 |
| 81:00 | 04py · tribute_sent a jugador 3 |
| 81:00 | 04py · tribute_sent a jugador 4 |
| 81:00 | 04py · tribute_sent a jugador 6 |
| 81:00 | 04py · tribute_sent a jugador 7 |
| 81:00 | 04py · tribute_sent a jugador 8 |
| 81:01 | kw · tribute_sent a jugador 1 |
| 81:01 | kw · tribute_sent a jugador 2 |
| 81:01 | kw · tribute_sent a jugador 3 |
| 81:01 | kw · tribute_sent a jugador 4 |
| 81:01 | kw · tribute_sent a jugador 5 |
| 81:01 | kw · tribute_sent a jugador 6 |
| 81:01 | kw · tribute_sent a jugador 8 |
| 81:06 | Moneimon · tribute_sent a jugador 1 |
| 81:06 | Moneimon · tribute_sent a jugador 2 |
| 81:06 | Moneimon · tribute_sent a jugador 3 |
| 81:06 | Moneimon · tribute_sent a jugador 4 |
| 81:06 | Moneimon · tribute_sent a jugador 5 |
| 81:06 | Moneimon · tribute_sent a jugador 6 |
| 81:06 | Moneimon · tribute_sent a jugador 7 |
| 81:15 | Poxo · tribute_sent a jugador 1 |
| 81:15 | Poxo · tribute_sent a jugador 2 |
| 81:15 | Poxo · tribute_sent a jugador 3 |
| 81:15 | Poxo · tribute_sent a jugador 4 |
| 81:15 | Poxo · tribute_sent a jugador 5 |
| 81:15 | Poxo · tribute_sent a jugador 7 |
| 81:15 | Poxo · tribute_sent a jugador 8 |
| 81:19 | [R1] Pume · tribute_sent a jugador 1 |
| 81:19 | [R1] Pume · tribute_sent a jugador 3 |
| 81:19 | [R1] Pume · tribute_sent a jugador 4 |
| 81:19 | [R1] Pume · tribute_sent a jugador 5 |
| 81:19 | [R1] Pume · tribute_sent a jugador 6 |
| 81:19 | [R1] Pume · tribute_sent a jugador 7 |
| 81:19 | [R1] Pume · tribute_sent a jugador 8 |
| 82:15 | Poxo · tribute_sent a jugador 1 |
| 82:15 | Poxo · tribute_sent a jugador 2 |
| 82:15 | Poxo · tribute_sent a jugador 3 |
| 82:15 | Poxo · tribute_sent a jugador 4 |
| 82:15 | Poxo · tribute_sent a jugador 5 |
| 82:15 | Poxo · tribute_sent a jugador 7 |
| 82:15 | Poxo · tribute_sent a jugador 8 |
| 82:51 | Poxo · tribute_sent a jugador 1 |
| 82:51 | Poxo · tribute_sent a jugador 2 |
| 82:51 | Poxo · tribute_sent a jugador 3 |
| 82:51 | Poxo · tribute_sent a jugador 4 |
| 82:51 | Poxo · tribute_sent a jugador 5 |
| 82:51 | Poxo · tribute_sent a jugador 7 |
| 82:51 | Poxo · tribute_sent a jugador 8 |
| 82:53 | Oni.TaToH · tribute_sent a jugador 1 |
| 82:53 | Oni.TaToH · tribute_sent a jugador 2 |
| 82:53 | Oni.TaToH · tribute_sent a jugador 3 |
| 82:53 | Oni.TaToH · tribute_sent a jugador 5 |
| 82:53 | Oni.TaToH · tribute_sent a jugador 6 |
| 82:53 | Oni.TaToH · tribute_sent a jugador 7 |
| 82:53 | Oni.TaToH · tribute_sent a jugador 8 |
| 83:01 | 04py · tribute_sent a jugador 1 |
| 83:01 | 04py · tribute_sent a jugador 2 |
| 83:01 | 04py · tribute_sent a jugador 3 |
| 83:01 | 04py · tribute_sent a jugador 4 |
| 83:02 | 04py · tribute_sent a jugador 6 |
| 83:02 | 04py · tribute_sent a jugador 7 |
| 83:02 | 04py · tribute_sent a jugador 8 |
| 83:39 | Dragon · tribute_sent a jugador 2 |
| 83:39 | Dragon · tribute_sent a jugador 3 |
| 83:39 | Dragon · tribute_sent a jugador 4 |
| 83:39 | Dragon · tribute_sent a jugador 5 |
| 83:39 | Dragon · tribute_sent a jugador 6 |
| 83:39 | Dragon · tribute_sent a jugador 7 |
| 83:39 | Dragon · tribute_sent a jugador 8 |
| 84:28 | Dragon · wall_segment Stone Wall x3 |
| 85:14 | Oni.TaToH · tribute_sent a jugador 1 |
| 85:14 | Oni.TaToH · tribute_sent a jugador 2 |
| 85:14 | Oni.TaToH · tribute_sent a jugador 3 |
| 85:14 | Oni.TaToH · tribute_sent a jugador 5 |
| 85:14 | Oni.TaToH · tribute_sent a jugador 6 |
| 85:14 | Oni.TaToH · tribute_sent a jugador 7 |
| 85:14 | Oni.TaToH · tribute_sent a jugador 8 |
| 85:30 | Moneimon · tribute_sent a jugador 1 |
| 85:30 | Moneimon · tribute_sent a jugador 2 |
| 85:30 | Moneimon · tribute_sent a jugador 3 |
| 85:30 | Moneimon · tribute_sent a jugador 4 |
| 85:30 | Moneimon · tribute_sent a jugador 5 |
| 85:30 | Moneimon · tribute_sent a jugador 6 |
| 85:30 | Moneimon · tribute_sent a jugador 7 |
| 85:41 | kw · resign |
[ AI ANALYSIS · 1 CREDIT ]
What really happened in this match?
Wolo.gg analyzes every decision: build order, eco, micro, common mistakes by bracket. Personalized analysis on WhatsApp or Discord in 30 seconds.
Civ guide
Malay
Perfil
Jugador #212135